 Dungeon Crawl Stone Soup version 0.30-a0-672-gc3a7216ad8 (webtiles) character file.

Game seed: 3829539639100135603

17057 testman the Destroyer (level 12, -6/94 HPs)
             Began as a Demonspawn Fire Elementalist on Jan 18, 2023.
             Was an Elder of Sif Muna.
             Mangled by a komodo dragon (10 damage)
             ... on level 12 of the Dungeon.
             The game lasted 01:06:41 (10649 turns).

testman the Destroyer (DsFE)                       Turns: 10649, Time: 01:06:42

Health: -6/94      AC: 15    Str:  8    XL:     12   Next: 15%
Magic:  11/33      EV: 12    Int: 25    God:    Sif Muna [****..]
Gold:   1110       SH:  4    Dex: 18    Spells: 6/27 levels left

rFire   + . .      SeeInvis .    l - staff of fire
rCold   . . .      Faith    .    (no shield)
rNeg    + . .      Spirit   .    p - +1 leather armour of the Sturgeon {*Slow rPois Dex+3 Stlth+}
rPois   +          Reflect  .    e - +0 helmet
rElec   .          Harm     .    y - +2 cloak
rCorr   .          Rampage  .    s - +2 pair of gloves
Will    .....                    (boots unavailable)
Stlth   +++                      P - amulet of regeneration
HPRegen 1.15/turn                M - ring of Urusaz {rPois rN+ AC+4}
MPRegen 0.23/turn                D - ring of magical power

@: no status effects
A: hooves 3, spiny 1, big brain 2, condensation shield
a: Renounce Religion, Channel Magic, Forget Spell, Divine Exegesis


You were on level 12 of the Dungeon.
You worshipped Sif Muna.
Sif Muna was greatly pleased with you.
You visited 2 branches of the dungeon, and saw 13 of its levels.
You also visited: Sewer and Ossuary.

You collected 1362 gold pieces.
You spent 252 gold pieces at shops.

Inventory:

Hand Weapons
 o - the +9 staff of Olgreb {rPois∞}
   (You found it on level 10 of the Dungeon)

   It enhances your poison magic.
   It grants immunity to poison.
   It can be activated via the 'a'bility menu to radiate toxic energy, with
   effectiveness depending on Evocations skill.
 z - a +3 quarterstaff of protection
Missiles
 b - 3 datura-tipped darts
 x - 3 curare-tipped darts
Armour
 e - a +0 helmet (worn)
 p - the +1 leather armour of the Sturgeon (worn) {*Slow rPois Dex+3 Stlth+}
   (You found it on level 2 of the Dungeon)

   Dex:       It affects your dexterity (+3).
   rPois:     It protects you from poison.
   *Slow:     It may slow you when you take damage.
   Stlth:     It makes you more stealthy.
 s - a +2 pair of gloves (worn)
 y - a +2 cloak (worn)
Magical Staves
 l - a staff of fire (weapon)
Jewellery
 a - an amulet of the acrobat
 r - a ring of flight
 v - a ring of willpower
 C - a +5 ring of evasion
 D - a ring of magical power (right hand)
 F - a ring of willpower
 M - the ring of Urusaz (left hand) {rPois rN+ AC+4}
   (You found it on level 8 of the Dungeon)

   [ring of protection]

   AC:        It affects your AC (+4).
   rPois:     It protects you from poison.
   rN:        It protects you from negative energy.
 P - an amulet of regeneration (around neck)
Wands
 h - a wand of flame (14)
 w - a wand of acid (20)
 J - a wand of charming (19)
 L - a wand of iceblast (7)
Scrolls
 f - 3 scrolls of torment
 i - 5 scrolls of teleportation
 n - 2 scrolls of magic mapping
 t - 2 scrolls of amnesia
 B - a scroll of fog
 H - 6 scrolls of silence
 I - a scroll of fear
 K - a scroll of vulnerability {unknown}
 N - 2 scrolls of poison {unknown}
 O - a scroll of blinking {unknown}
 S - a scroll of noise {unknown}
Potions
 c - 5 potions of mutation
 d - 3 potions of might
 g - 9 potions of curing
 j - 2 potions of attraction
 k - 2 potions of heal wounds
 m - 5 potions of lignification
 q - 2 potions of brilliance
 A - 2 potions of cancellation
 E - 4 potions of flight
 Q - a potion of haste
 R - a potion of invisibility


   Skills:
 + Level 8.4 Fighting
 + Level 3.8 Staves
 + Level 2.1 Dodging
 - Level 1.7 Stealth
 + Level 8.4 Spellcasting
 + Level 9.0 Conjurations
 + Level 2.2 Translocations
 + Level 8.6 Fire Magic
 - Level 3.0 Air Magic
 + Level 8.5 Invocations
 + Level 3.4 Evocations


You had 6 spell levels left.
You knew the following spells:

 Your Spells              Type           Power      Damage    Failure   Level
a - Foxfire               Conj/Fire      100%       2x1d9     1%          1
b - Scorch                Fire           100%       2d10      1%          2
c - Flame Wave            Conj/Fire      70%        2d16      2%          4
d - Sticky Flame          Conj/Fire      70%        2d8       2%          4
e - Kindle Blastsparks    Fire/Tloc/Air  100%       2d18      3%          3
f - Swiftness             Air            25%        N/A       7%          3
g - Iskenderun's Mystic   Conj/Tloc      38%        2d9       9%          4

Your spell library contained the following spells:

 Spells                   Type           Power      Damage    Failure   Level
 Shock                    Conj/Air       100%       1d9       1%          1
 Lesser Beckoning         Tloc           44%        N/A       4%          2
 Inner Flame              Hex/Fire       48%        N/A       4%          3
 Stone Arrow              Conj/Erth      66%        3d11      4%          3
 Sandblast                Erth           20%        2d7       9%          1
 Gell's Gravitas          Tloc           22%        N/A       10%         3
 Teleport Other           Tloc           22%        N/A       10%         3
 Ensorcelled Hibernation  Hex/Ice        20%        N/A       13%         2
 Passwall                 Tmut/Erth      8%         N/A       13%         2
 Sublimation of Blood     Necr           10%        N/A       13%         2
 Fulminant Prism          Conj/Hex       16%        3d10      13%         4
 Airstrike                Air            12%        2d(2-18)  24%         4
 Spider Form              Tmut/Pois      10%        N/A       26%         3
 Irradiate                Conj/Tmut      16%        3d17      36%         5
 Anguish                  Hex/Necr       5%         N/A       63%         4
 Animate Armour           Summ/Erth      20%        N/A       63%         4
 Cause Fear               Hex            5%         N/A       63%         4
 Petrify                  Tmut/Erth      10%        N/A       63%         4
 Blade Hands              Tmut           5%         N/A       93%         5
 Lee's Rapid Deconstruct  Erth           5%         3d6*      93%         5
 Dragon Form              Tmut           5%         N/A       100%        7
 Discord                  Hex            5%         N/A       100%        8
 Lehudib's Crystal Spear  Conj/Erth      16%        10d5      100%        8


Dungeon Overview and Level Annotations

Branches:
Dungeon (12/15)            Temple (1/1) D:4            Lair (0/5) D:8
  Sewer (visited)         Ossuary (visited)
    Orc: D:9-12

Altars:
Ashenzari
Cheibriados
Dithmenos
Fedhas
Gozag
Kikubaaqudgha
Makhleb
Nemelex Xobeh
Okawaru
Qazlal
Sif Muna
Vehumet
Wu Jian
Yredelemnul

Shops:
D:9 !

Annotations:
D:6 1 runed translucent door, pokeman's ghost, novice DEHW
D:10 1 runed translucent door


Innate Abilities, Weirdness & Mutations

You have hooves in place of feet.
You are partially covered in sharp spines.
You have an extremely huge brain. (Int +4)
A meltable shield of frost defends you. (SH +4)


Message History

The skeletal warrior hits you with a +0 war axe!
* * * LOW HITPOINT WARNING * * *
Casting: Flame Wave (dangerous; 2% risk of failure)
Confirm with . or Enter, or press ? or * to list all spells.
Okay, then.
Casting: Flame Wave (dangerous; 2% risk of failure)
Confirm with . or Enter, or press ? or * to list all spells.
Okay, then.
Okay, then.
Casting: Flame Wave (dangerous; 2% risk of failure)
Confirm with . or Enter, or press ? or * to list all spells.
Okay, then.
Okay, then.
Okay, then.
Aiming: Charm
Press: ? - help, Shift-Dir - straight line, f - skeletal warrior
Aim: a skeletal warrior, wielding a +0 war axe (heavily damaged, chance to affect: 4%)
Okay, then.
Unknown command.
Unknown command.
Okay, then.
Okay, then.
As you read the scroll labelled YNAWOM VIMIEDD, it crumbles to dust.
It is a scroll of enchant weapon.
Your +2 quarterstaff of chaos glows red for a moment.
The komodo dragon bites you!
* * * LOW HITPOINT WARNING * * *
Two slime creatures merge to form an enormous slime creature.
The skeletal warrior is struck by your spines.
The skeletal warrior closely misses you.
The electric eel shoots out a bolt of lightning at you!
The bolt of electricity hits you!
* * * LOW HITPOINT WARNING * * *
As you read the scroll labelled WORUQO PEARCHI, it crumbles to dust.
It is a scroll of brand weapon.
Your +3 quarterstaff of chaos projects an invisible shield of force!
z - a +3 quarterstaff of protection The komodo dragon is struck by your spines.
The komodo dragon bites you!
You die...

#. ≈≈≈≈≈ ... ~≈≈≈
.. ..###~≈≈~ #..
#...#≈S# ..#
#.⌠.#H≈#.⌠.# .
..#§§#...
...###§..§###..
#..J.§)@l......
######z)#.#....
#.##.##..#
#+#########........
#.#........###.####
#.#.######.# #
#####.#.######.#
................
###.....######.##


You could see a skeletal warrior, an enormous slime creature, a manticore, a
komodo dragon and an electric eel.

Vanquished Creatures
  A boulder beetle (D:11)
  4 two-headed ogres
  2 skeletal warriors (D:12)
  5 wolf spiders (D:10)
  3 black mambas (D:10)
  A cyclops (D:11)
  Joseph (D:8)
  Maggie (D:7)
  A gargoyle (D:12)
  A komodo dragon (D:11)
  2 trolls (D:10)
  A hornet (D:10)
  2 slime creatures (D:12)
  A shadow (D:11)
  A wraith (D:9)
  A steam dragon (D:10)
  A wyvern (D:9)
  Eustachio (D:4)
  6 redbacks (D:10)
  2 acid dragons
  5 water moccasins
  An orc warrior (D:11)
  2 sky beasts
  4 black bears
  3 ice beasts
  An ogre (D:3)
  2 centaurs
  A phantom (D:4)
  An elf zombie (Ossuary)
  7 bullfrogs
  4 kobold brigands
  A gnoll sergeant (D:7)
  5 scorpions
  19 wights
  23 killer bees
  3 howler monkeys
  4 centaur zombies (Ossuary)
  2 orc priests (D:7)
  3 jellies
  A gnoll bouda (D:9)
  3 hounds
  Crazy Yiuf (D:5)
  Terence (D:3)
  An iguana (D:4)
  8 orc wizards
  A hell rat (Sewer)
  2 mummies (Ossuary)
  Robin (D:3)
  10 gnolls
  5 adders
  5 river rats
  2 ufetubi
  An adder zombie (Ossuary)
  A worm zombie (D:4)
  2 worms
  4 dart slugs
  22 orcs
  6 endoplasms
  A giant cockroach (D:4)
  21 goblins
  10 hobgoblins
  4 jackals (D:3)
  10 quokkas
  9 ball pythons
  5 bats
  3 frilled lizards (D:2)
  A goblin zombie (Ossuary)
  9 hobgoblin zombies (Ossuary)
  3 jackal zombies (Ossuary)
  25 kobolds
  8 kobold zombies (Ossuary)
  8 orc zombies (Ossuary)
  13 rats
  A rat zombie (Ossuary)
337 creatures vanquished.

Vanquished Creatures (collateral kills)
  A foxfire (D:2)
1 creature vanquished.

Vanquished Creatures (others)
  429 foxfires
  35 fungi (D:8)
  37 plants
501 creatures vanquished.

Grand Total: 839 creatures vanquished

Notes
Turn   | Place    | Note
-------+----------+-------------------------------------------
     0 | D:1      | testman the Demonspawn Fire Elementalist began the quest
                  | for the Orb.
     0 | D:1      | Reached XP level 1. HP: 13/13 MP: 3/3
   305 | D:1      | Gained mutation: You are partially covered in sharp spines.
                  | [demonic ancestry]
   305 | D:1      | Reached XP level 2. HP: 19/19 MP: 3/5
   517 | D:1      | Learned a level 2 spell: Scorch
   733 | D:2      | Identified the +1 leather armour of the Sturgeon {*Slow
                  | rPois Dex+3 Stlth+}
   918 | D:2      | Gained mutation: You have large cloven feet. [demonic
                  | ancestry]
   918 | D:2      | Reached XP level 3. HP: 9/24 MP: 2/6
   919 | D:2      | Reached skill level 2 in Conjurations
  1466 | D:2      | Reached XP level 4. HP: 30/30 MP: 5/8
  1471 | D:2      | Learned a level 4 spell: Flame Wave
  1515 | D:2      | Found a blossoming altar of Fedhas.
  1858 | D:3      | Identified a scroll of acquirement
  1860 | D:3      | Acquired the +1 pair of boots "Julattur" {Will+ Dex+4}
  2066 | D:3      | Gained mutation: You have hoof-like feet. [demonic
                  | ancestry]
  2066 | D:3      | Reached XP level 5. HP: 34/35 MP: 1/9
  2215 | D:3      | Noticed Terence
  2230 | D:3      | Killed Terence
  2231 | D:3      | Reached skill level 3 in Conjurations
  2325 | D:3      | Found a glowing drain.
  2329 | Sewer    | Entered a sewer
  2383 | Sewer    | Reached skill level 1 in Fighting
  2590 | D:3      | Acquired 776 gold pieces
  2662 | D:3      | Noticed an ogre
  2676 | D:3      | Killed an ogre
  2677 | D:3      | Gained mutation: You have hooves in place of feet. [demonic
                  | ancestry]
  2677 | D:3      | Reached XP level 6. HP: 42/44 MP: 2/11
  2832 | D:3      | Noticed Robin
  2839 | D:3      | Killed Robin
  2915 | D:3      | Found a stormy altar of Qazlal.
  2917 | D:3      | Noticed a fire elemental
  2917 | D:3      | Noticed a water elemental
  2918 | D:3      | Noticed an air elemental
  3041 | D:4      | Found a staircase to the Ecumenical Temple.
  3057 | Temple   | Entered the Ecumenical Temple
  3080 | Temple   | Became a worshipper of Sif Muna the Loreminder
  3088 | D:4      | Noticed Eustachio
  3238 | D:4      | Reached skill level 4 in Conjurations
  3238 | D:4      | Reached XP level 7. HP: 45/51 MP: 1/13
  3387 | D:4      | Found a sand-covered staircase.
  3413 | Ossuary  | Entered an ossuary
  3521 | Ossuary  | Reached * piety under Sif Muna
  3719 | Ossuary  | Reached skill level 5 in Fire Magic
  4101 | D:4      | Killed Eustachio
  4102 | D:4      | Gained mutation: A meltable shield of frost defends you.
                  | (SH +4) [demonic ancestry]
  4102 | D:4      | Reached XP level 8. HP: 46/60 MP: 1/15
  4471 | D:5      | Entered Level 5 of the Dungeon
  4522 | D:5      | Reached skill level 5 in Spellcasting
  4522 | D:5      | Reached skill level 5 in Conjurations
  4662 | D:5      | Found a runed translucent door.
  4663 | D:5      | Noticed Crazy Yiuf
  4669 | D:5      | Killed Crazy Yiuf
  5279 | D:6      | Reached ** piety under Sif Muna
  5574 | D:6      | Found a runed translucent door.
  5578 | D:6      | Noticed pokeman's ghost (novice DEHW)
  5579 | D:6      | Noticed a two-headed ogre
  5595 | D:6      | Reached skill level 6 in Conjurations
  5603 | D:6      | Learned a level 4 spell: Sticky Flame
  5650 | D:6      | Found an ancient bone altar of Kikubaaqudgha.
  5943 | D:7      | Reached skill level 5 in Fighting
  5953 | D:7      | Gained mutation: You have an unusually large brain. (Int
                  | +2) [demonic ancestry]
  5953 | D:7      | Reached XP level 9. HP: 63/68 MP: 17/17
  5955 | D:7      | Reached skill level 1 in Invocations
  6560 | D:7      | Noticed Maggie
  6575 | D:7      | Killed Maggie
  7015 | D:8      | Reached *** piety under Sif Muna
  7071 | D:8      | Reached skill level 7 in Conjurations
  7089 | D:8      | Reached XP level 10. HP: 73/77 MP: 7/20
  7098 | D:8      | Reached skill level 5 in Invocations
  7142 | D:8      | Identified the +6 long sword of the Lame Duck {spect, rElec
                  | rPois}
  7142 | D:8      | Noticed a two-headed ogre
  7148 | D:8      | Killed a two-headed ogre
  7355 | D:8      | Noticed Joseph
  7368 | D:8      | Killed Joseph
  7641 | D:8      | Found a staircase to the Lair.
  7724 | D:8      | Identified the ring of Urusaz {rPois rN+ AC+4}
  7988 | D:9      | Reached **** piety under Sif Muna
  8143 | D:9      | Reached skill level 1 in Staves
  8269 | D:9      | Noticed a two-headed ogre
  8276 | D:9      | Killed a two-headed ogre
  8277 | D:9      | Reached skill level 8 in Conjurations
  8281 | D:9      | Learned a level 3 spell: Kindle Blastsparks
  8611 | D:9      | Found Mevefuph's Distillery.
  8616 | D:9      | Bought a potion of haste for 140 gold pieces
  8616 | D:9      | Bought a potion of invisibility for 112 gold pieces
  8839 | D:10     | Entered Level 10 of the Dungeon
  8978 | D:10     | Found the +9 staff of Olgreb {rPois∞}
  9049 | D:10     | Noticed a wolf spider
  9049 | D:10     | Noticed a wolf spider
  9050 | D:10     | Found a runed translucent gate.
  9050 | D:10     | Found a runed translucent gate.
  9050 | D:10     | Noticed a wolf spider
  9051 | D:10     | Found a runed translucent door.
  9072 | D:10     | Found a runed translucent gate.
  9074 | D:10     | Noticed a black mamba
  9074 | D:10     | Noticed a wolf spider
  9074 | D:10     | Noticed a black mamba
  9074 | D:10     | Noticed a wolf spider
  9074 | D:10     | Noticed a black mamba
  9080 | D:10     | Found a runed translucent door.
  9142 | D:10     | Found an opulent altar of Gozag.
  9178 | D:10     | Gained mutation: You have an extremely huge brain. (Int +4)
                  | [demonic ancestry]
  9178 | D:10     | Reached XP level 11. HP: 80/84 MP: 22/22
  9552 | D:10     | Reached skill level 1 in Translocations
  9552 | D:10     | Reached skill level 1 in Air Magic
  9552 | D:10     | Killed a wolf spider
  9552 | D:10     | Killed a wolf spider
  9553 | D:10     | Reached skill level 1 in Evocations
  9553 | D:10     | Killed a wolf spider
  9554 | D:10     | HP: 4/86 [black mamba (13)]
  9562 | D:10     | Killed a wolf spider
  9565 | D:10     | Killed a wolf spider
  9638 | D:10     | Reached ***** piety under Sif Muna
  9638 | D:10     | Received a gift from Sif Muna
  9736 | D:11     | Noticed a two-headed ogre
  9745 | D:11     | Killed a two-headed ogre
  9747 | D:11     | Noticed a boulder beetle
  9785 | D:11     | Killed a boulder beetle
 10093 | D:11     | Noticed a two-headed ogre
 10110 | D:11     | Killed a two-headed ogre
 10323 | D:11     | Reached XP level 12. HP: 57/93 MP: 24/24
 10327 | D:11     | Learned a level 3 spell: Swiftness
 10332 | D:11     | Learned a level 4 spell: Iskenderun's Mystic Blast
 10647 | D:12     | Reached skill level 9 in Conjurations
 10648 | D:12     | HP: 3/94 [electric eel/bolt of electricity (8)]
 10649 | D:12     | Mangled by a komodo dragon

Illustrated notes

Levels and vault maps discovered:
D:1:      minmay_arrival_loop, layout_rooms
D:2:      wad_woods_tower, layout_basic, basic_altar
D:3:      layout_loops_ring, nicolae_qazlal_style_of_elements,
          gup_sewer_entry_spiral, minmay_ogre_servants, uniq_terence, uniq_robin
D:4:      minmay_clustersquares, layout_gridville, nicolae_tso_carved_into_rock,
          minmay_temple_entry_tees, enter_ossuary_3, uniq_eustachio
D:5:      layout_loops_cross, uniq_crazy_yiuf_cottage
D:6:      layout_cave_pools, mainiacjoe_overflow_boulevard,
          ebering_ghost_inner_flame, minmay_misc_feat_roman
D:7:      layout_basic, uniq_maggie
D:8:      layout_rooms, due_lair_maze_entry_diamond, corner_web_ring,
          uniq_joseph
D:9:      layout_loops_corners, serial_shops, shop
D:10:     layout_irregular_city, mainiacjoe_overflow_small_starburst,
          minmay_guarded_unrand_staff_of_olgreb
D:11:     layout_gridville, serial_rivers, chequers_serial_rivers_small_b,
          chequers_serial_rivers_micro_b, chequers_serial_rivers_micro_a,
          chequers_serial_rivers_micro_a
D:12:     layout_loops_corners, david_orc_5, fountainhead
Temple:   eino_narrow_crystal_temple

Skill      XL: |  1  2  3  4  5  6  7  8  9 10 11 12 |
---------------+-------------------------------------+-----
Fire Magic     | 3 4 5 6 7 8 |  8.6
Conjurations   | 2 3 4 6 7 8 9 |  9.0
Spellcasting   | 3 4 5 6 7 8 |  8.4
Fighting       | 1 2 3 5 6 7 8 |  8.4
Invocations    | 4 6 8 |  8.5
Staves         | 2 3 |  3.8
Translocations | 2 |  2.2
Air Magic      | 3 |  3.0
Evocations     | 3 |  3.4
Dodging        | 2 |  2.1
Stealth        | |  1.7

Action                   |  1- 3 |  4- 6 |  7- 9 | 10-12 || total
-------------------------+-------+-------+-------+-------++-------
Melee: Short sword       |     5 |       |       |       ||     5
       Whip              |     2 |       |       |       ||     2
       Staff             |    14 |    78 |   100 |   137 ||   329
       Kick              |       |     2 |    31 |    56 ||    89
       Punch             |       |       |     1 |     3 ||     4
 Cast: Foxfire           |    31 |    42 |    86 |    84 ||   243
       Scorch            |     7 |    29 |    43 |    50 ||   129
       Flame Wave        |       |       |     9 |    15 ||    24
       Kindle Blastspark |       |       |       |     1 ||     1
       Iskenderun's Myst |       |       |       |     2 ||     2
Evoke: Wand              |       |       |       |     1 ||     1
  Use: Potion            |     1 |       |       |     4 ||     5
       Scroll            |       |    10 |     5 |     9 ||    24
 Stab: Sleeping          |     5 |     3 |     3 |     1 ||    12
Armor: Leather armour    |     4 |    20 |    54 |   109 ||   187
       Robe              |     1 |       |       |       ||     1
Dodge: Dodged            |    17 |    45 |   112 |   128 ||   302
Block: Other             |       |       |    11 |    40 ||    51

Table legend: (Time is in decaauts)
 A = Elapsed time spent in this place.
 B = Non-inter-level travel time spent in this place.
 C = Inter-level travel time spent in this place.
 D = Time resting spent in this place.
 E = Time spent auto-exploring this place.
 F = Levels seen in this place.
 G = Mean time per level.
                   A        B        C        D        E       F      G
               +--------+--------+--------+--------+--------+-----+--------+
         Total |  10754 |  10326 |    428 |    834 |   7126 |  15 |  716.9 |
       Dungeon |  10017 |   9589 |    428 |    567 |   6980 |  12 |  834.8 |
        Temple |     29 |     29 |      0 |      0 |      0 |   1 |   29.0 |
         Sewer |    178 |    178 |      0 |      0 |    143 |   1 |  178.0 |
       Ossuary |    528 |    528 |      0 |    267 |      3 |   1 |  528.0 |
               +--------+--------+--------+--------+--------+-----+--------+

Top non-repeatable levels by time:
     D:2: 1315 daAuts
     D:3: 1140 daAuts
     D:7: 1075 daAuts
     D:9: 1044 daAuts
    D:10: 891 daAuts
     D:4: 813 daAuts
     D:8: 794 daAuts
     D:6: 741 daAuts
    D:11: 741 daAuts
     D:5: 728 daAuts
     D:1: 542 daAuts
 Ossuary: 528 daAuts
    D:12: 187 daAuts
   Sewer: 178 daAuts
  Temple: 29 daAuts
